Map: Lightshade LE

Players

TLHarstem (Harstem)

  • Race: Protoss Protoss
  • League: Master
  • Spawn Location: 11:00

LiquidClem (Clem) - Winner!

  • Race: Terran Terran
  • League: Grandmaster
  • Spawn Location: 5:00

Event: ASUS ROG Online 2020

VOD

Have the link to the VOD?

Description

Time

  • Played on: Nov. 28, 2020, 10:30 a.m.
  • Length: 19:27

All games in this series

Show
View Real Time Build Order
Export as new Build Order

TLHarstem Protoss 

Build Orders: 1 Gate Expand, Oracle Opening 

Get SALT Encoding   

  12  0:00  Probe  
  13  0:12  Probe  
  14  0:17  Pylon  
  14  0:24  Probe  
  15  0:35  Gateway  
  15  0:37  Probe (Chrono Boost)  
  16  0:46  Assimilator, Probe (Chrono Boost)  
  17  0:51  Probe (Chrono Boost)  
  18  1:03  Probe  
  19  1:15  Probe  
  20  1:22  Nexus  
  20  1:30  Cybernetics Core  
  20  1:34  Probe  
  20  1:38  Assimilator  
  21  1:46  Probe  
  22  1:49  Pylon  
  22  1:59  Probe  
  23  2:06  Adept (Chrono Boost)  
  23  2:11  Probe  
  26  2:19  Stargate  
  25  2:23  Shield Battery, Probe  
  25  2:26  Stalker (Chrono Boost)  
  28  2:34  Probe  
  29  2:40  Probe  
  30  2:46  Probe  
  31  2:57  Stalker  
  34  3:00  Oracle (Chrono Boost)  
  34  3:01  Shield Battery  
  34  3:04  Probe  
  37  3:07  Probe  
  36  3:21  Probe  
  36  3:22  Probe  
  36  3:27  Oracle (Chrono Boost)  
  36  3:33  Shield Battery, Probe  
  40  3:36  Probe  
  41  3:43  Warp Gate  
  41  3:46  Probe  
  42  3:49  Probe  
  43  3:58  Probe  
  43  4:01  Probe  
  45  4:10  Probe  
  46  4:20  Pylon  
  46  4:28  Robotics Facility  
  47  4:38  Probe x2  
  47  4:40  Gateway  
  47  4:42  Assimilator  
  47  4:44  Phoenix (Chrono Boost)  
  47  4:45  Assimilator  
  48  4:49  Pylon  
  48  4:50  Probe x2  
  52  4:55  Gateway  
  52  4:59  Pylon  
  52  5:02  Probe x2  
  52  5:07  Phoenix  
  56  5:14  Pylon  
  56  5:17  Probe  
  56  5:18  Observer (Chrono Boost)  
  58  5:23  Shield Battery  
  58  5:24  Robotics Bay  
  58  5:31  Phoenix  
  58  5:34  Zealot  
  58  5:35  Sentry  
  64  5:40  Probe  
  65  5:45  Nexus  
  65  5:47  Immortal (Chrono Boost)  
  63  5:54  Sentry  
  68  5:59  Pylon  
  68  6:01  Zealot  
  68  6:03  Shield Battery  
  70  6:15  Stalker, Colossus (Chrono Boost)  
  70  6:17  Pylon  
  78  6:25  Stalker x2  
  80  6:28  Probe  
  80  6:29  Pylon  
  79  6:38  Nexus  
  76  6:40  Sentry  
  76  6:42  Probe  
  76  6:44  Probe  
  80  6:48  Phoenix (Chrono Boost)  
  80  6:53  Sentry, Zealot  
  86  6:54  Probe  
  85  7:07  Probe  
  86  7:08  Colossus  
  86  7:10  Probe  
  92  7:16  Zealot x2  
  93  7:23  Probe  
  93  7:24  Probe  
  93  7:27  Twilight Council  
  89  7:30  Phoenix (Chrono Boost)  
  89  7:37  Zealot, Shield Battery  
  91  7:45  Stalker x2  
  91  7:49  Pylon  
  93  8:01  Probe (Chrono Boost)  
  93  8:05  Probe (Chrono Boost)  
  94  8:06  Colossus, Probe (Chrono Boost)  
  94  8:09  Zealot x2  
  105  8:13  Probe (Chrono Boost)  
  105  8:18  Stalker, Probe (Chrono Boost)  
  102  8:20  Shield Battery, Charge (Chrono Boost)  
  102  8:21  Probe (Chrono Boost)  
  103  8:31  Stalker x2  
  107  8:34  Probe  
  107  8:37  Shield Battery  
  106  8:41  Pylon  
  106  8:44  Zealot  
  106  8:46  Probe  
  109  8:55  Assimilator  
  109  8:56  Gateway  
  109  8:59  Colossus (Chrono Boost), Forge  
  109  9:01  Assimilator  
  115  9:03  Stalker x2  
  118  9:10  Extended Thermal Lance, Probe  
  119  9:17  Stalker  
  119  9:22  Probe  
  117  9:30  Stalker x2  
  119  9:37  Protoss Ground Weapons Level 1 (Chrono Boost)  
  119  9:39  Probe  
  119  9:44  Gateway  
  116  9:45  Gateway  
  116  9:47  Gateway  
  116  9:50  Gateway  
  116  9:51  Pylon  
  116  9:52  Sentry, Zealot  
  120  9:56  Pylon  
  120  9:57  Zealot x2  
  124  10:00  Archon  
  124  10:01  Archon  
  124  10:07  Pylon  
  124  10:09  Warp Prism (Chrono Boost)  
  100  10:31  Stalker x4  
  91  10:38  Blink  
  91  10:40  Stalker x2  
  83  10:49  Zealot x2  
  86  10:50  Colossus (Chrono Boost)  
  86  10:51  Nexus  
  86  10:52  Pylon  
  86  10:56  Sentry  
  94  10:59  Templar Archives  
  94  11:05  Probe x2  
  94  11:06  Pylon  
  96  11:15  Zealot x3, Robotics Facility  
  102  11:26  Zealot x3  
  102  11:27  Pylon  
  102  11:28  Dark Shrine  
  108  11:34  Protoss Ground Weapons Level 2, Disruptor (Chrono Boost)  
  108  11:37  Probe  
  112  11:42  Probe  
  112  11:45  Zealot  
  107  11:52  Zealot x2  
  109  12:00  Sentry x2  
  109  12:01  Zealot x2  
  116  12:02  Disruptor (Chrono Boost)  
  116  12:08  Probe x2 (Chrono Boost)  
  122  12:14  Probe (Chrono Boost)  
  123  12:17  Probe (Chrono Boost)  
  123  12:18  Probe (Chrono Boost), Nexus  
  123  12:21  Probe (Chrono Boost), Forge  
  121  12:30  Disruptor  
  121  12:31  Probe  
  121  12:32  Probe  
  121  12:33  Disruptor  
  128  12:39  Zealot  
  128  12:40  Zealot x2  
  123  12:53  Probe  
  123  12:55  Stalker x4  
  123  12:57  Dark Templar  
  132  13:04  Dark Templar x2  
  130  13:06  Disruptor  
  130  13:11  Dark Templar  
  132  13:19  Zealot x2, Dark Templar  
  121  13:25  Stalker  
  121  13:26  Probe  
  120  13:41  Stalker x4  
  120  13:42  Disruptor  
  120  13:47  Stalker  
  123  14:06  Stalker x5  
  125  14:17  Disruptor  
  122  14:31  Stalker x4  
  126  14:41  Stalker x2  
  126  14:42  Stalker x2  
  133  14:47  Pylon  
  133  14:48  Pylon  
  118  15:22  Dark Templar x2  
  122  15:31  Stalker x5  
  106  15:53  Disruptor x2  
  97  16:04  Zealot x6  
  97  16:06  Probe  
  97  16:10  Nexus  
  110  16:11  Assimilator  
  108  16:19  Assimilator  
  106  16:28  Disruptor (Chrono Boost)  
  109  16:42  Dark Templar  
  114  16:47  Disruptor (Chrono Boost)  
  114  16:48  Zealot x6  
  114  16:53  Photon Cannon  
  126  16:58  Pylon  
  126  17:00  Protoss Ground Armor Level 1 (Chrono Boost)  
  127  17:09  Disruptor (Chrono Boost)  
  127  17:19  Zealot x4, Pylon  
  129  17:38  Shield Battery  
  125  17:45  Stalker x4  
  123  17:55  Pylon  
  123  17:57  Dark Templar x2  
  118  18:24  Nexus  
  118  18:27  Zealot x5  
  116  18:28  Observer (Chrono Boost)  
  116  18:30  Probe  
  116  18:32  Pylon  
  124  18:44  Disruptor  
  124  18:47  Stalker x4  
  133  18:53  Stalker x3  
Show
View Real Time Build Order
Export as new Build Order

LiquidClem Terran - Winner!

Build Orders:  

Get SALT Encoding   

  12  0:00  SCV  
  13  0:12  SCV  
  14  0:17  Supply Depot  
  14  0:25  SCV  
  15  0:38  SCV  
  15  0:40  Barracks  
  16  0:44  Refinery  
  16  0:51  SCV  
  16  0:55  Refinery  
  17  1:03  SCV  
  18  1:15  SCV  
  19  1:27  Orbital Command, Reaper  
  20  1:39  Supply Depot  
  20  1:45  Factory  
  20  1:53  SCV  
  21  1:59  Bunker, Reaper  
  22  2:05  SCV  
  23  2:18  SCV  
  26  2:30  Hellion, SCV  
  26  2:31  Reaper  
  28  2:42  Command Center, SCV  
  29  2:48  Supply Depot  
  29  2:56  SCV  
  30  3:05  Starport  
  30  3:08  SCV  
  31  3:17  Barracks Reactor  
  30  3:20  SCV  
  31  3:28  Supply Depot  
  31  3:32  SCV  
  32  3:38  Factory Tech Lab  
  31  3:42  Starport Tech Lab  
  31  3:44  SCV  
  32  3:54  Bunker, Marine x2  
  34  3:58  Cyclone  
  34  4:01  Viking  
  34  4:02  SCV  
  38  4:05  Orbital Command  
  36  4:15  Marine x2  
  32  4:24  SCV  
  32  4:33  Cyclone  
  32  4:34  SCV  
  32  4:36  Marine  
  36  4:39  Marine  
  36  4:42  SCV  
  38  4:46  SCV  
  39  4:53  Viking  
  39  4:54  SCV  
  39  4:58  Marine x2  
  44  5:00  SCV  
  44  5:06  SCV  
  46  5:10  Siege Tank  
  50  5:18  Supply Depot, SCV  
  50  5:19  Marine x2  
  50  5:20  SCV  
  53  5:26  Viking  
  55  5:30  SCV  
  55  5:32  SCV  
  57  5:37  Supply Depot, Marine x2  
  59  5:42  SCV  
  59  5:44  SCV  
  59  5:46  Siege Tank  
  64  5:55  SCV  
  64  5:56  SCV, Marine x2  
  68  6:00  Viking  
  68  6:03  Supply Depot  
  70  6:07  SCV  
  70  6:08  SCV  
  72  6:19  SCV  
  72  6:20  Command Center, SCV  
  72  6:24  Marine x2  
  73  6:31  SCV  
  70  6:33  Siege Tank  
  70  6:37  SCV  
  69  6:42  Viking  
  69  6:43  SCV  
  69  6:46  Marine x2  
  74  6:52  Supply Depot  
  74  6:53  SCV  
  75  6:55  SCV  
  69  7:04  Marine x2  
  69  7:07  Siege Tank, SCV  
  73  7:12  Refinery  
  73  7:18  Viking  
  73  7:21  SCV  
  73  7:22  SCV  
  74  7:28  Marine x2  
  73  7:33  SCV  
  73  7:35  SCV  
  76  7:39  Orbital Command  
  75  7:46  Siege Tank  
  75  7:47  SCV  
  75  7:49  SCV  
  80  7:53  Marine x2  
  75  7:59  Liberator  
  75  8:02  SCV  
  78  8:07  SCV  
  78  8:10  Refinery  
  78  8:11  Marine  
  80  8:13  Marine  
  80  8:15  SCV  
  80  8:17  SCV  
  79  8:21  Siege Tank  
  79  8:24  SCV  
  83  8:27  SCV  
  83  8:29  Marine  
  86  8:34  Supply Depot, SCV  
  86  8:39  Marine  
  84  8:41  SCV  
  84  8:46  Liberator  
  83  8:52  SCV  
  83  8:53  Siege Tank  
  85  8:57  Barracks  
  85  9:01  SCV  
  83  9:03  Barracks  
  83  9:05  Marine x2  
  83  9:07  Orbital Command  
  83  9:08  SCV  
  86  9:13  SCV  
  85  9:20  SCV  
  85  9:23  Marine x2  
  88  9:25  SCV  
  88  9:29  Viking  
  87  9:33  SCV  
  87  9:34  SCV  
  87  9:37  SCV  
  87  9:38  Bunker  
  87  9:42  Siege Tank  
  87  9:45  SCV  
  91  9:46  SCV  
  91  9:48  Engineering Bay, Barracks Tech Lab  
  91  9:49  SCV  
  91  9:50  Marine x2  
  95  9:57  Supply Depot, SCV  
  95  9:58  SCV  
  97  10:01  SCV  
  97  10:05  Starport Reactor  
  97  10:07  Combat Shield, Stimpack  
  98  10:09  SCV  
  98  10:10  Marauder x2, Marine  
  98  10:11  SCV, Marine  
  98  10:12  Supply Depot  
  98  10:13  SCV  
  107  10:19  Siege Tank  
  110  10:21  SCV  
  110  10:24  SCV  
  110  10:26  SCV  
  98  10:28  Marine  
  98  10:31  Marauder x2, Marine  
  98  10:33  SCV  
  103  10:36  SCV, Refinery  
  103  10:37  Refinery  
  103  10:38  Terran Infantry Weapons Level 1  
  104  10:43  Medivac x2  
  104  10:46  Marine  
  104  10:48  Supply Depot  
  104  10:49  Engineering Bay  
  109  10:51  Command Center  
  109  10:54  Marine  
  109  10:55  Marauder  
  112  10:57  Marauder  
  112  10:59  Siege Tank  
  112  11:03  Bunker  
  117  11:06  Supply Depot  
  117  11:07  SCV x2  
  117  11:09  SCV  
  120  11:13  Missile Turret, Marine x2  
  122  11:20  Barracks  
  122  11:24  Barracks  
  122  11:26  Missile Turret, Medivac x2, Concussive Shells  
  122  11:30  Marauder  
  127  11:37  Siege Tank  
  127  11:39  SCV x2  
  128  11:40  Marine x2  
  128  11:46  Marauder, SCV  
  130  11:51  Marauder, SCV x2  
  133  11:56  Terran Infantry Armor Level 1  
  133  11:58  Supply Depot, Armory, Marine  
  134  12:01  Marine  
  134  12:05  Viking x2  
  134  12:07  Marauder  
  140  12:09  SCV x2  
  140  12:10  SCV  
  140  12:12  Barracks Reactor, Barracks Tech Lab  
  140  12:15  Siege Tank  
  146  12:17  Marauder  
  146  12:20  Marine x2  
  146  12:21  SCV  
  150  12:27  SCV  
  150  12:29  Marauder  
  151  12:33  SCV  
  151  12:36  Marauder  
  149  12:38  Marauder, Marine x2  
  149  12:39  SCV  
  149  12:40  SCV  
  147  12:47  Siege Tank  
  147  12:48  SCV  
  147  12:50  Marauder  
  145  12:52  Planetary Fortress  
  145  12:53  Marine  
  145  12:54  SCV  
  145  12:57  Marauder, SCV  
  149  13:00  Marauder, SCV  
  149  13:03  Marine x2  
  149  13:04  Marine  
  153  13:06  SCV  
  153  13:09  SCV  
  153  13:11  Marine  
  153  13:12  SCV, Marine  
  153  13:19  Marauder  
  145  13:20  SCV  
  145  13:21  Marauder  
  145  13:24  Missile Turret  
  145  13:26  SCV  
  149  13:29  Marauder  
  149  13:30  Missile Turret  
  149  13:31  Marine x2  
  151  13:36  Marine  
  151  13:38  Marine  
  151  13:40  Marauder, SCV  
  146  13:41  SCV  
  146  13:42  SCV  
  146  13:43  Marauder  
  146  13:47  SCV  
  150  13:51  Marauder, Marine  
  150  13:53  Siege Tank  
  154  13:58  Marine x2  
  154  14:01  Marauder  
  153  14:04  Marauder  
  153  14:06  Medivac  
  153  14:08  Marine  
  153  14:09  Marine  
  155  14:12  Marauder  
  155  14:13  SCV x2  
  155  14:14  SCV  
  155  14:16  SCV  
  158  14:19  Marine  
  158  14:21  Medivac  
  158  14:23  Marauder  
  151  14:24  Marine  
  151  14:25  Marauder, SCV, Siege Tank  
  151  14:28  Marine  
  151  14:29  SCV, Marine  
  151  14:30  SCV  
  159  14:31  SCV  
  159  14:35  Terran Infantry Weapons Level 2  
  160  14:40  Terran Infantry Armor Level 2  
  160  14:43  Marine x2  
  159  14:48  Marine x2  
  159  14:51  Marine  
  159  14:52  Marauder  
  164  15:00  Siege Tank  
  164  15:01  Command Center  
  164  15:03  Medivac  
  169  15:08  Marine  
  169  15:10  Marine  
  169  15:11  Marauder  
  169  15:12  Marine  
  163  15:14  Marauder  
  163  15:16  Marine  
  163  15:19  Marauder  
  147  15:26  Marine  
  147  15:27  Marine  
  137  15:31  Medivac  
  137  15:32  Siege Tank, Marine x2  
  137  15:33  Medivac  
  148  15:35  Marauder  
  148  15:36  SCV x2  
  148  15:37  Marine  
  146  15:43  Refinery  
  146  15:44  Terran Vehicle Weapons Level 1  
  146  15:45  Barracks x3, Marine  
  146  15:47  Marauder  
  146  15:49  Marine  
  134  15:50  Marine  
  134  15:51  Marauder  
  119  15:57  Marauder, Marine  
  119  16:03  SCV  
  121  16:04  Ghost Academy, Siege Tank  
  121  16:10  Marine x3  
  127  16:13  Marauder  
  127  16:16  Medivac x2  
  133  16:19  Marine  
  133  16:20  Marauder  
  133  16:22  Marauder  
  133  16:24  Bunker  
  138  16:27  Missile Turret  
  138  16:28  Missile Turret  
  138  16:35  Marine x3  
  138  16:36  Barracks Tech Lab x3  
  138  16:39  Siege Tank  
  144  16:40  Enhanced Shockwaves  
  144  16:45  Planetary Fortress  
  144  16:50  Ghost  
  144  16:53  Ghost  
  148  16:56  Ghost  
  148  16:59  Marine x3  
  148  17:00  Marine x2  
  154  17:01  Marine  
  155  17:09  Marauder  
  154  17:17  Siege Tank  
  154  17:18  Medivac  
  154  17:21  Viking  
  161  17:23  Marine x2  
  161  17:25  Marauder  
  161  17:26  Marauder  
  166  17:33  Marine  
  163  17:38  Ghost  
  163  17:39  Marauder  
  163  17:41  Marine  
  167  17:45  Marine x2  
  167  17:47  Marauder  
  167  17:48  Marauder, Command Center, Viking  
  165  17:54  Marauder, Marine  
  165  17:56  Marauder  
  167  17:59  Liberator, Siege Tank  
  167  18:00  Marauder, Marine  
  167  18:03  Marine x2  
  178  18:06  Marine  
  178  18:08  Marauder  
  178  18:09  Marine  
  178  18:12  Marine  
  183  18:15  Marauder  
  183  18:18  Marauder  
  183  18:19  Marine  
  183  18:22  Marauder  
  183  18:25  Marauder  
  183  18:26  Marine  
  186  18:34  Command Center  
  186  18:35  Refinery  
  186  18:36  Marauder x2  
  186  18:42  Medivac  
  187  19:00  Marauder x2, Marine x4  
  200  19:08  Marine  
Tags
 
Add a new tag
Caveats
  • Supply blocks, unpowered buildings, or Contaminate may cause inaccurate times.
  • Supply counts are checked every 10 seconds.